 Dungeon Crawl Stone Soup version 0.20.1-1-g8b1a95d (webtiles) character file.

1571 Dawnplanks the Cudgeler (level 8, 0/63 HPs)
             Began as a Demonspawn Abyssal Knight on Nov 25, 2017.
             Was an Elder of Lugonu.
             Slain by an orc warrior
             ... wielding a +0 halberd
              (4 damage)
             ... on level 6 of the Dungeon.
             The game lasted 00:40:54 (5235 turns).

Dawnplanks the Cudgeler (Demonspawn Abyssal Knight) Turns: 5235, Time: 00:40:54

Health: 0/63       AC:  6    Str: 16    XL:     8   Next: 59%
Magic:  10/10      EV: 11    Int: 15    God:    Lugonu [****..]
Gold:   210        SH:  3    Dex: 12    Spells: 8/9 levels left

rFire    + . .     SeeInvis .   d - +2 mace (drain)
rCold    . . .     Gourm    .   (no shield)
rNeg     . . .     Faith    .   l - +0 scale mail
rPois    .         Spirit   .   (helmet restricted)
rElec    .         Reflect  +   (no cloak)
rCorr    +         Harm     .   (no gloves)
MR       +....                  (no boots)
Stlth    +.........             o - +3 amulet of reflection
Regen    0.6/turn               t - ring of resist corrosion
MPRegen  0.2/turn               C - ring of protection from fire

@: no status effects
A: antennae 2, icy blue scales 1, clever 1, deformed body, magic resistance 1,
nightstalker 1, regeneration 1
a: Depart the Abyss, Bend Space, Banish, Corrupt, Renounce Religion


You were on level 6 of the Dungeon.
You worshipped Lugonu.
Lugonu was greatly pleased with you.
You were not hungry.

You visited 2 branches of the dungeon, and saw 7 of its levels.
You visited the Abyss 1 time.

You collected 210 gold pieces.

Inventory:

Hand Weapons
 a - a +1 short sword
 d - a +2 mace of draining (weapon)
 j - a -1 hand axe
Missiles
 E - 4 tomahawks of returning (quivered)
Armour
 b - a +0 leather armour
 l - a +0 scale mail (worn)
 m - a +0 helmet
 x - a +0 animal skin
Jewellery
 f - an uncursed amulet of regeneration
 o - a +3 amulet of reflection (around neck)
 t - a ring of resist corrosion (left hand)
 v - an uncursed ring of loudness
 C - a ring of protection from fire (right hand)
 D - an uncursed ring of wizardry
Wands
 e - a wand of confusion (12/48)
 z - a wand of random effects (12/48)
Scrolls
 g - a scroll of magic mapping
 h - a scroll of fear {unknown}
 i - a scroll of amnesia
 u - 6 scrolls of identify
 w - 2 scrolls of immolation
 B - 3 scrolls of remove curse
Potions
 p - a potion of brilliance {unknown}
Books
 y - a book of Changes

   Spells                             Type                      Level
   a - Beastly Appendage              Transmutation                1
   b - Sticks to Snakes               Transmutation                2
   c - Spider Form                    Transmutation/Poison         3
   d - Ice Form                       Ice/Transmutation            4
   e - Blade Hands                    Transmutation                5
Comestibles
 c - 7 bread rations
 k - 3 meat rations
 n - 2 royal jellies
 r - 12 fruits


   Skills:
 + Level 5.4 Fighting
 + Level 2.0 Short Blades
 + Level 1.5(3.9) Axes
 + Level 5.6(5.7) Maces & Flails
 + Level 5.0 Armour
 + Level 3.2 Dodging
 + Level 1.8 Stealth
 + Level 1.0 Spellcasting
 + Level 1.1 Transmutations
 + Level 2.7 Invocations


You had 8 spell levels left.
You knew the following spells:

 Your Spells              Type           Power        Failure   Level  Hunger
a - Beastly Appendage     Tmut           #.....       45%         1    ##.....


Dungeon Overview and Level Annotations

Branches:
Dungeon (6/15)             Temple (1/1) D:5

Altars:
Ashenzari
Cheibriados
Dithmenos
Fedhas
Gozag
Hepliaklqana
Kikubaaqudgha
Makhleb
Nemelex Xobeh
Qazlal
Ru
Sif Muna
Trog
Uskayaw
Vehumet
Xom
Yredelemnul


Innate Abilities, Weirdness & Mutations

You have a pair of antennae on your head.
You are partially covered in icy blue scales. (AC +2)
You are slightly more attuned to the shadows.
Your mind is acute. (Int +2)
Armour fits poorly on your strangely shaped body.
You are resistant to hostile enchantments. (MR+)
Your natural rate of healing is unusually fast.


Message History

The orc warrior is almost dead.
The orc warrior hits you with a halberd!
* * * LOW HITPOINT WARNING * * *
You barely miss the orc warrior.
The orc warrior is almost dead.
You block the orc warrior's attack.
You completely miss the orc warrior.
The orc warrior is almost dead.
The orc warrior barely misses you.
You completely miss the orc warrior.
The orc warrior is almost dead.
You block the orc warrior's attack.
You barely miss the orc warrior.
The orc warrior is almost dead.
The orc warrior hits you with a halberd.
* * * LOW HITPOINT WARNING * * *
You closely miss the orc warrior.
The orc warrior is almost dead.
The orc warrior hits you with a halberd.
You die...

##########......#.............#
##..#....#############...######
....#................##'###
....#................#....#
###+#................#(...#..
##..#...†............)(...'..
....#.............(..######..
....#....######'##(....# ###
#####....+......@#.....#
.........#.......oc....#
.....##+##..##...#.....#
.....#..##..##...#.....#
.....#..##..##...#.....##########
######.......#...#...............
.............#...#...............
.............#...#...............
........########.#...............


You could see an orc warrior and a centaur.

Vanquished Creatures
  Prince Ribbit (D:5)
  2 ice beasts (D:6)
  An ogre (D:4)
  A phantom (D:6)
  A bullfrog (D:6)
  A scorpion (D:5)
  3 crimson imps (D:6)
  2 jellies (D:5)
  3 orc priests
  A bullfrog skeleton (D:4)
  3 orc wizards
  4 hounds
  A centaur skeleton (D:6)
  2 iguanas
  4 worker ants
  A hound zombie (D:6)
  A hound skeleton (D:4)
  Robin (D:2)
  2 worker ant zombies
  6 adders
  A shadow imp (D:5)
  2 oozes
  4 worms
  3 dart slugs
  4 leopard geckos
  15 orcs
  6 bats
  5 giant cockroaches
  13 goblins
  10 hobgoblins
  9 kobolds
  2 quokkas (D:4)
  6 frilled lizards
  5 rats
126 creatures vanquished.

Vanquished Creatures (others)
  An orc (D:5)
1 creature vanquished.

Grand Total: 127 creatures vanquished

Notes
Turn   | Place    | Note
-------+----------+-------------------------------------------
     0 | Abyss:1  | Dawnplanks the Demonspawn Abyssal Knight began the quest for the Orb.
     0 | Abyss:1  | Reached XP level 1. HP: 18/18 MP: 2/2
     6 | D:1      | Escaped the Abyss
   248 | D:1      | Gained mutation: You are slightly more attuned to the shadows. [demonic ancestry]
   248 | D:1      | Reached XP level 2. HP: 22/24 MP: 3/3
   816 | D:2      | Gained mutation: You are partially covered in icy blue scales. (AC +2) [demonic ancestry]
   816 | D:2      | Reached XP level 3. HP: 28/29 MP: 5/5
   880 | D:2      | Reached skill level 1 in Maces & Flails
   880 | D:2      | Reached skill level 1 in Dodging
   883 | D:2      | Reached ** piety under Lugonu
   894 | D:2      | Reached XP level 4. HP: 5/37 MP: 6/6
  1382 | D:2      | Noticed Robin
  1406 | D:2      | Killed Robin
  1422 | D:2      | Gained mutation: You have a pair of small antennae on your head. [demonic ancestry]
  1422 | D:2      | Reached XP level 5. HP: 42/42 MP: 7/7
  1609 | D:2      | Found a snail-covered altar of Cheibriados.
  1726 | D:2      | Reached skill level 1 in Axes
  1832 | D:3      | Reached *** piety under Lugonu
  2478 | D:4      | Reached XP level 6. HP: 45/48 MP: 8/8
  3167 | D:4      | Found a sparkling altar of Nemelex Xobeh.
  3168 | D:4      | Found an opulent altar of Gozag.
  3405 | D:4      | Gained mutation: You have a pair of antennae on your head. [demonic ancestry]
  3405 | D:4      | Reached XP level 7. HP: 31/55 MP: 9/9
  3493 | D:5      | Entered Level 5 of the Dungeon
  3671 | D:5      | Reached skill level 1 in Stealth
  3705 | D:5      | Learned a level 1 spell: Beastly Appendage
  3732 | D:5      | Reached **** piety under Lugonu
  3750 | D:5      | Found a burning altar of Makhleb.
  3750 | D:5      | Found a deep blue altar of Sif Muna.
  3820 | D:5      | Noticed Prince Ribbit
  3851 | D:5      | Gained mutation: Your natural rate of healing is unusually fast. [potion of mutation]
  3851 | D:5      | Gained mutation: Your mind is acute. (Int +2) [potion of mutation]
  3851 | D:5      | Gained mutation: Armour fits poorly on your strangely shaped body. [potion of mutation]
  3851 | D:5      | Gained mutation: You are resistant to hostile enchantments. (MR+) [potion of mutation]
  3861 | D:5      | Killed Prince Ribbit
  3861 | D:5      | Reached skill level 1 in Transmutations
  4132 | D:5      | Found a staircase to the Ecumenical Temple.
  4148 | Temple   | Entered the Ecumenical Temple
  4415 | D:5      | Found a stormy altar of Qazlal.
  4448 | D:6      | Reached skill level 1 in Spellcasting
  4514 | D:6      | Reached skill level 5 in Fighting
  4514 | D:6      | Reached XP level 8. HP: 47/62 MP: 10/10
  4572 | D:6      | Reached skill level 5 in Maces & Flails
  5104 | D:6      | Reached skill level 5 in Armour
  5235 | D:6      | Slain by an orc warrior

Skill      XL: |  1  2  3  4  5  6  7  8 |
---------------+-------------------------+-----
Short Blades   | 2 |  2.0
Maces & Flails | 1 2 3 4 5 |  5.6
Armour         | 2 4 5 |  5.0
Dodging        | 1 2 3 |  3.2
Fighting       | 4 5 |  5.4
Axes           | 1 |  1.5
Stealth        | 1 |  1.8
Transmutations | 1 |  1.1
Spellcasting   | 1 |  1.0
Invocations    | |  2.7

Action                   |  1- 3 |  4- 6 |  7- 9 || total
-------------------------+-------+-------+-------++-------
Melee: Mace              |    72 |   172 |   198 ||   442
       Short sword       |     1 |       |       ||     1
       Hand axe          |       |    99 |       ||    99
 Cast: Beastly Appendage |       |       |     3 ||     3
Invok: Bend Space        |       |       |     1 ||     1
  Use: Potion            |     1 |       |     5 ||     6
       Scroll            |       |     6 |     3 ||     9
 Stab: Sleeping          |     1 |     3 |       ||     4
       Invisible         |       |       |     1 ||     1
  Eat: Meat ration       |       |     1 |       ||     1
       Fruit             |       |     1 |     1 ||     2
       Royal jelly       |       |     1 |       ||     1
       Bread ration      |       |       |     2 ||     2
Armor: Leather armour    |    24 |    53 |       ||    77
       Scale mail        |       |    71 |    82 ||   153
Dodge: Dodged            |    50 |   164 |   114 ||   328
Block: Other             |       |       |    10 ||    10
